[Event "Titled Tuesday Blitz August 1 Early 2023"]
[White "Ladan, Nicholas"]
[Black "Mirzanurov, Bulat"]
[WhiteFideId "30918855"]
[BlackFideId "4184521"]
[WhiteElo "2396"]
[BlackElo "2177"]
[Result "1-0"]
[Round "7"]
[TimeControl "180+1"]
[Date "2023.08.01"]
[WhiteClock "0:00:15"]
[BlackClock "0:00:01"]
[Board "181"]

1. a3 d5 2. h3 e5 3. d3 Nf6 4. Nf3 Nc6 5. Bg5 h6 6. Bxf6 Qxf6 7. e4 dxe4 8. dxe4 Be6 9. Bb5 Bd6 10. Bxc6+ bxc6 11. Nc3 O-O 12. O-O Rfd8 13. Qe2 Rab8 14. Rab1 Bc5 15. b4 Bd4 16. Na4 g5 17. Ne1 Kg7 18. Nd3 h5 19. Nac5 g4 20. Nxe6+ Qxe6 21. hxg4 hxg4 22. g3 Rh8 23. Kg2 f5 24. Rh1 Rhf8 25. exf5 Qxf5 26. Rh4 Rbe8 27. Qxg4+ Qxg4 28. Rxg4+ Kf7 29. Rh1 Ke6 30. c4 Kd7 31. Rh7+ Kc8 32. Rgg7 e4 33. Rxc7+ Kb8 34. Rb7+ Kc8 35. Rbc7+ Kb8 36. Nf4 Be5 37. Rb7+ Kc8 38. Rxa7 Bb8 39. Ra6 Bxf4 40. Rxc6+ Kb8 41. gxf4 Rxf4 42. Rh3 Ref8 43. f3 exf3+ 44. Kf2 Rg8 45. Rxf3 Rfg4 46. Rcf6 Rg2+ 47. Ke3 Re8+ 48. Kd4 Rd8+ 49. Kc5 Rc8+ 50. Kb5 Rc2 51. c5 Rg2 52. Rb6+ Ka8 53. Ra6+ Kb8 54. Rff6 Rg7 55. Rfb6+ Kc7 56. Ra7+ Kd8 57. Rxg7 1-0


[Site "https://www.chess.com"]

[Event "Titled Tuesday Blitz August 1 Early 2023"]
[White "Feliz Dotel, Dewar Bienvenido"]
[Black "Gombocz, Ferenc Jr."]
[WhiteFideId "6402801"]
[BlackFideId "775029"]
[WhiteElo "2135"]
[BlackElo "2386"]
[Result "0-1"]
[Round "7"]
[TimeControl "180+1"]
[Date "2023.08.01"]
[WhiteClock "0:00:20"]
[BlackClock "0:00:30"]
[Board "182"]

1. d4 d5 2. e3 Nf6 3. Nf3 c5 4. dxc5 Nc6 5. a3 a5 6. c4 e6 7. cxd5 Qxd5 8. Qc2 Qxc5 9. Qxc5 Bxc5 10. Nc3 O-O 11. Bb5 Bd7 12. O-O Rfd8 13. b3 Ne7 14. Bxd7 Rxd7 15. Bb2 Ned5 16. Rad1 Nxc3 17. Bxc3 Rad8 18. Rxd7 Rxd7 19. b4 axb4 20. Bxb4 Bxb4 21. axb4 Nd5 22. Rb1 Nxb4 23. Ne5 Rc7 24. h3 Nd5 25. g3 f6 26. Nf3 Kf7 27. Nd4 Ke7 28. Rb5 Kd6 29. e4 Nc3 30. Rb3 Ke5 31. Rb4 Nxe4 32. Nf3+ Kf5 33. Nd4+ Ke5 34. Nf3+ Kf5 35. g4+ Kf4 36. Nd2 f5 37. f3 Rc1+ 38. Kg2 Rc2 39. fxe4 Rxd2+ 40. Kf1 fxe4 41. Rxb7 Kf3 42. Rf7+ Ke3 43. Rxg7 h6 44. Re7 Kf3 45. Rf7+ Kg3 46. Re7 Rf2+ 47. Ke1 Rf6 48. Ke2 Kxh3 49. Ke3 Kxg4 50. Kxe4 Rg6 51. Rh7 h5 52. Ke5 h4 53. Ke4 h3 54. Ke3 Kg3 55. Ra7 h2 56. Rh7 Kg2 57. Ke2 h1=Q 58. Rxh1 Kxh1 59. Ke3 Kg2 60. Ke4 Kg3 61. Ke5 Kg4 62. Ke4 Kg5 63. Ke5 Kh6 64. Ke4 Kg7 65. Ke5 Kf7 66. Kd6 Kf6 67. Kc5 e5 68. Kd5 Kf5 69. Kc4 e4 70. Kc3 Kf4 71. Kd2 e3+ 72. Ke2 Ke4 73. Ke1 Kf3 74. Kf1 Rh6 75. Kg1 Rh7 0-1


[Site "https://www.chess.com"]

[Event "Titled Tuesday Blitz August 1 Early 2023"]
[White "Eggleston, Thomas A"]
[Black "LionKing2367890"]
[WhiteFideId "412139"]
[WhiteElo "2376"]
[BlackElo "2177"]
[Result "1-0"]
[Round "7"]
[TimeControl "180+1"]
[Date "2023.08.01"]
[WhiteClock "0:00:06"]
[BlackClock "0:00:00"]
[Board "183"]

1. e4 e5 2. Nf3 Nc6 3. d4 exd4 4. Nxd4 Nf6 5. Nc3 Bb4 6. Nxc6 bxc6 7. Bd3 d5 8. exd5 cxd5 9. O-O O-O 10. h3 h6 11. Qf3 c6 12. Bf4 Re8 13. Ne2 Bb7 14. Ng3 Bd6 15. Bxd6 Qxd6 16. Nf5 Qf8 17. Nxh6+ gxh6 18. Qxf6 Qg7 19. Qd6 Rad8 20. Qc7 Ba8 21. Rae1 Qxb2 22. Re3 Qb6 23. Rg3+ Kf8 24. Qf4 Re6 25. Bf5 Rf6 26. Qe5 c5 27. Bh7 Re6 28. Qh5 Bb7 29. c4 dxc4 30. Rb1 Qc7 31. Bf5 Rf6 32. Bh7 Re6 33. Rxb7 Qxb7 34. Qxc5+ Ke8 35. Rg8+ Kd7 36. Qd4+ Rd6 37. Rxd8+ Kxd8 38. Qxd6+ Ke8 39. Bf5 c3 40. Qe5+ Kf8 41. Qxc3 Qd5 42. Qh8+ Ke7 43. Bg4 Qxa2 44. Qxh6 Qb1+ 45. Kh2 Qb8+ 46. g3 Qb2 47. Qf4 a5 48. Qc7+ Kf8 49. Kg2 a4 50. Bf3 a3 51. Bd5 1-0


[Site "https://www.chess.com"]

[Event "Titled Tuesday Blitz August 1 Early 2023"]
[White "Preobrazhenska_D2011"]
[Black "Lopez Gracia, Fernando"]
[BlackFideId "2207184"]
[WhiteElo "2088"]
[BlackElo "2367"]
[Result "1-0"]
[Round "7"]
[TimeControl "180+1"]
[Date "2023.08.01"]
[WhiteClock "0:00:12"]
[BlackClock "0:00:12"]
[Board "184"]

1. e4 c5 2. Nf3 e6 3. g3 Nf6 4. Qe2 Nc6 5. Bg2 d6 6. O-O Be7 7. c3 O-O 8. d4 cxd4 9. cxd4 d5 10. e5 Nd7 11. Nc3 a6 12. Be3 b5 13. Nd2 b4 14. Na4 a5 15. Rfc1 Ba6 16. Qg4 Bb5 17. b3 Re8 18. f4 g6 19. Nb2 Nb6 20. Qf3 a4 21. bxa4 Nxa4 22. Nxa4 Rxa4 23. Nb3 Na5 24. h4 Bc4 25. Bd2 Qa8 26. Qd1 Nxb3 27. axb3 Bxb3 28. Qe1 Rb8 29. Rab1 Bc4 30. Rxc4 dxc4 31. Bxa8 Rbxa8 32. Bxb4 Bxb4 33. Rxb4 Ra1 34. Rb1 R1a2 35. Qc1 R8a3 36. Qe1 c3 37. Rc1 c2 38. Qd2 Rxg3+ 39. Kh2 Rg4 40. Rxc2 Rxc2 41. Qxc2 Rxf4 42. Qc3 Rxh4+ 43. Kg3 Rh5 44. Qc8+ Kg7 45. Qd8 Rf5 46. Qh4 h5 47. Qe4 g5 48. d5 Rf4 49. Qd3 exd5 50. Qxd5 h4+ 51. Kh3 Kg6 52. Qc6+ Kf5 53. Qc7 Rf3+ 54. Kg2 Re3 55. Qxf7+ Kxe5 56. Qe7+ Kf4 57. Qf6+ Kg4 58. Qd4+ Kh5 59. Qxe3 g4 60. Qe5+ Kg6 61. Qe6+ Kg5 62. Qe7+ Kf4 63. Qxh4 Kf5 64. Qh5+ Kf4 65. Qg6 g3 66. Qxg3+ Ke4 67. Qg4+ Kd3 68. Qf4 Ke2 69. Kg3 Kd3 70. Qe5 Kc2 71. Qd4 Kb3 72. Qc5 Ka4 73. Qb6 Ka3 74. Kf3 Ka4 75. Ke3 Ka3 76. Kd3 Ka4 77. Kc3 Ka3 78. Qa5# 1-0


[Site "https://www.chess.com"]

[Event "Titled Tuesday Blitz August 1 Early 2023"]
[White "Lohani, Sujana"]
[Black "Mayaud, Raphael"]
[WhiteFideId "12311987"]
[BlackFideId "627151"]
[WhiteElo "1960"]
[BlackElo "2364"]
[Result "0-1"]
[Round "7"]
[TimeControl "180+1"]
[Date "2023.08.01"]
[WhiteClock "0:00:01"]
[BlackClock "0:01:27"]
[Board "185"]

1. d4 Nf6 2. Nf3 d5 3. g3 c6 4. Bg2 Bf5 5. O-O e6 6. c4 Nbd7 7. Nc3 h6 8. Qb3 Qb6 9. c5 Qxb3 10. axb3 a6 11. b4 Rc8 12. Bf4 Be7 13. h4 O-O 14. h5 Rfe8 15. Nh2 Bd8 16. g4 Nxg4 17. e4 dxe4 18. Nxe4 Bxe4 19. Bxe4 Nxh2 20. Kxh2 Bc7 21. Bxc7 Rxc7 22. Rg1 Nf6 23. Bf3 Rd7 24. Rg2 Red8 25. Rag1 Ne8 26. d5 exd5 27. Bd1 Kf8 28. f4 Re7 29. f5 f6 30. Bb3 Nc7 31. Rd2 Rde8 32. Rgg2 Re4 33. Rd3 Rxb4 34. Rdg3 Re7 35. Bc2 Rh4+ 36. Kg1 Rxh5 0-1


[Site "https://www.chess.com"]

[Event "Titled Tuesday Blitz August 1 Early 2023"]
[White "Barwinska, Ewa"]
[Black "Lehtosaari, Mauri"]
[WhiteFideId "21833761"]
[BlackFideId "501999"]
[WhiteElo "2278"]
[BlackElo "2476"]
[Result "1-0"]
[Round "7"]
[TimeControl "180+1"]
[Date "2023.08.01"]
[WhiteClock "0:00:14"]
[BlackClock "0:00:11"]
[Board "186"]

1. e4 c5 2. Nf3 e6 3. d3 Nc6 4. g3 g6 5. Bg2 Bg7 6. O-O Nge7 7. c3 O-O 8. d4 cxd4 9. cxd4 d5 10. e5 b6 11. a3 Ba6 12. Re1 Rc8 13. Nc3 Na5 14. Bg5 h6 15. Bf4 Bc4 16. Nd2 Nf5 17. b4 Nc6 18. Nxc4 dxc4 19. d5 exd5 20. Nxd5 Nfd4 21. Rc1 b5 22. Qg4 Ne6 23. Red1 Qe8 24. Bxh6 Nxe5 25. Qh4 f5 26. Ne7+ Kf7 27. Nxc8 Qxc8 28. Bxg7 Kxg7 29. Bd5 Ng5 30. Qxg5 Qc7 31. Bg2 Qf7 32. h4 Nd3 33. Rc3 Re8 34. h5 Re2 35. Qxg6+ Qxg6 36. hxg6 Kxg6 37. Bf1 Ra2 38. Bxd3 cxd3 39. Rdxd3 Kg5 40. Rd7 Kg4 41. Kg2 f4 42. Rd4 Kg5 43. Rxf4 a6 44. Rc5+ Kg6 45. Rd4 Kf6 46. Rd6+ Ke7 47. Rb6 Kd7 48. Rcc6 a5 49. Rd6+ Kc7 50. Rbc6+ Kb7 51. Rc5 axb4 52. axb4 Rb2 53. Rxb5+ Kc7 54. Rg6 Re2 55. Rh5 Re7 56. Ra5 Kb7 57. Rag5 Re1 58. Rh5 Re7 59. Rhh6 Rf7 60. Rf6 Rg7 61. Rhg6 Rh7 62. g4 Re7 63. g5 Re4 64. Rg7+ Kc8 65. Rf8+ Re8 66. Rxe8# 1-0


[Site "https://www.chess.com"]

[Event "Titled Tuesday Blitz August 1 Early 2023"]
[White "NicolaiMaxime"]
[Black "Mikhaylova, Irina"]
[BlackFideId "4109040"]
[WhiteElo "2472"]
[BlackElo "2240"]
[Result "1-0"]
[Round "7"]
[TimeControl "180+1"]
[Date "2023.08.01"]
[WhiteClock "0:00:46"]
[BlackClock "0:00:08"]
[Board "187"]

1. e4 c5 2. Nc3 Nc6 3. Bb5 Nd4 4. Nf3 e6 5. Nxd4 cxd4 6. Ne2 Qg5 7. Nxd4 Qc5 8. c3 e5 9. b4 Qb6 10. a4 exd4 11. cxd4 Qxd4 12. Ra3 Bxb4 13. Rd3 Qe5 14. Qg4 Nf6 15. Qxg7 Rg8 16. Qh6 Rg6 17. Qh4 Rg4 18. Qh3 Rxe4+ 19. Kd1 Qe6 20. Qh6 Ke7 21. f3 Re5 22. Bb2 d6 23. Bxe5 dxe5 24. Re1 Bd7 25. Bxd7 Nxd7 26. Qh4+ Nf6 27. Qxb4+ Ke8 28. Qxb7 Rc8 29. Rxe5 Qxe5 30. Qxc8+ Ke7 31. Qd8+ Ke6 32. Re3 Kf5 33. Rxe5+ 1-0


[Site "https://www.chess.com"]

[Event "Titled Tuesday Blitz August 1 Early 2023"]
[White "Krzywda, Andrzej"]
[Black "UgarteCesar"]
[WhiteFideId "1114565"]
[WhiteElo "2390"]
[BlackElo "2208"]
[Result "0-1"]
[Round "7"]
[TimeControl "180+1"]
[Date "2023.08.01"]
[WhiteClock "0:00:28"]
[BlackClock "0:00:42"]
[Board "188"]

1. e4 c5 2. Nf3 Nc6 3. d4 cxd4 4. Nxd4 Qb6 5. Nb3 Nf6 6. Nc3 e6 7. Bd3 a6 8. Be3 Qc7 9. f4 d6 10. g4 b5 11. g5 Nd7 12. Qe2 Bb7 13. O-O-O b4 14. Na4 Be7 15. Kb1 O-O 16. h4 Rfc8 17. h5 Na5 18. g6 Nc4 19. Bc1 Qc6 20. h6 fxg6 21. hxg7 Rab8 22. Qh2 Nf6 23. Bxc4 Qxc4 24. Nb6 Qxe4 25. Nxc8 Rxc8 26. f5 exf5 27. Bg5 Nh5 28. Bxe7 Qxe7 29. Rhe1 Be4 30. Rd2 Nxg7 31. Nd4 a5 32. Nb5 Bxc2+ 0-1


[Site "https://www.chess.com"]

[Event "Titled Tuesday Blitz August 1 Early 2023"]
[White "campochess"]
[Black "Rodriguez Fontecha, Marcos"]
[BlackFideId "2256576"]
[WhiteElo "2216"]
[BlackElo "2384"]
[Result "0-1"]
[Round "7"]
[TimeControl "180+1"]
[Date "2023.08.01"]
[WhiteClock "0:00:41"]
[BlackClock "0:01:17"]
[Board "189"]

1. c4 e5 2. Nc3 Nc6 3. g3 g6 4. Bg2 Bg7 5. e3 d6 6. Nge2 Be6 7. b3 Nge7 8. O-O O-O 9. Bb2 Qd7 10. Re1 d5 11. cxd5 Nxd5 12. Ne4 Qe7 13. d4 Rad8 14. Qc1 Ndb4 15. Ba3 a5 16. Qc5 Qxc5 17. Nxc5 Bd5 18. Nxb7 Bxg2 19. Kxg2 exd4 20. Nxd8 Rxd8 21. Nxd4 Nxd4 22. Bxb4 Nc2 23. Rad1 Nxe1+ 24. Rxe1 axb4 25. Rc1 Bc3 26. a4 Rd2 27. Kf3 Rb2 28. Rd1 Rxb3 29. Rd7 Kg7 30. Rxc7 Ra3 31. Ke4 Rxa4 32. Kd3 Ra2 33. f4 Rxh2 34. g4 h5 35. gxh5 gxh5 36. Ke4 Rd2 37. Kf5 Rd6 38. e4 Rb6 39. Kg5 b3 40. Rxc3 b2 41. Rg3 b1=Q 42. Kxh5+ Kf8 43. e5 Qh7+ 0-1


[Site "https://www.chess.com"]

[Event "Titled Tuesday Blitz August 1 Early 2023"]
[White "kripri"]
[Black "le-castor-faineant"]
[WhiteElo "2358"]
[BlackElo "2190"]
[Result "1-0"]
[Round "7"]
[TimeControl "180+1"]
[Date "2023.08.01"]
[WhiteClock "0:00:45"]
[BlackClock "0:00:13"]
[Board "190"]

1. e4 e5 2. Nf3 Nf6 3. Nxe5 d6 4. Nf3 Nxe4 5. d4 d5 6. Bd3 Bf5 7. O-O Bd6 8. Re1 O-O 9. c4 c6 10. Nc3 Nxc3 11. bxc3 Bxd3 12. Qxd3 Nd7 13. cxd5 cxd5 14. Bg5 Qc7 15. Re3 Rac8 16. Rae1 Nb6 17. h4 h6 18. h5 hxg5 19. Nxg5 f5 20. Ne6 Qc4 21. Qd1 Rf6 22. Qf3 Qc6 23. g4 Nc4 24. g5 Rf7 25. g6 Rf6 26. R3e2 Re8 27. Ng5 Rxe2 28. Qxe2 Bf8 29. Nh7 Rd6 30. Nxf8 Kxf8 31. Qe7+ Kg8 32. Qe8+ Qxe8 33. Rxe8# 1-0


[Site "https://www.chess.com"]

[Event "Titled Tuesday Blitz August 1 Early 2023"]
[White "cycygogne"]
[Black "Goswami, Vedant"]
[BlackFideId "5003725"]
[WhiteElo "2156"]
[BlackElo "2333"]
[Result "1-0"]
[Round "7"]
[TimeControl "180+1"]
[Date "2023.08.01"]
[WhiteClock "0:00:55"]
[BlackClock "0:01:25"]
[Board "191"]

1. e4 a6 2. d4 c6 3. Nf3 d5 4. e5 Bg4 5. h3 Bh5 6. g4 Bg6 7. Nh4 e6 8. Nxg6 hxg6 9. Bg2 c5 10. c3 Nc6 11. O-O cxd4 12. cxd4 Qb6 13. Be3 Qxb2 14. Nd2 Qb6 15. Qa4 Qb4 16. Qd1 Qb6 17. Qa4 Bb4 18. Rab1 Qa5 19. Qxa5 Bxa5 20. Rxb7 Nge7 21. Nb3 Bc3 22. Rc1 O-O-O 23. Rxe7 Nxe7 24. Rxc3+ Kb8 25. Bf1 Rc8 26. Nc5 Nc6 27. Rb3+ Ka8 28. Bxa6 Rb8 29. Bb7+ Ka7 30. Ra3+ Kb6 31. Ra6+ Kc7 32. Rxc6+ 1-0


[Site "https://www.chess.com"]

[Event "Titled Tuesday Blitz August 1 Early 2023"]
[White "Levine, David"]
[Black "Acikel, Mert"]
[WhiteFideId "2011611"]
[BlackFideId "12956465"]
[WhiteElo "2112"]
[BlackElo "2317"]
[Result "0-1"]
[Round "7"]
[TimeControl "180+1"]
[Date "2023.08.01"]
[WhiteClock "0:00:00"]
[BlackClock "0:00:17"]
[Board "192"]

1. d4 d5 2. c4 e6 3. g3 Nf6 4. Bg2 Be7 5. Nf3 O-O 6. O-O dxc4 7. Na3 Bxa3 8. bxa3 Nc6 9. e3 a6 10. a4 Rb8 11. Ba3 Re8 12. Nd2 Na5 13. Bb4 c6 14. Bxa5 Qxa5 15. Nxc4 Qb4 16. Qc2 b5 17. Ne5 Bb7 18. Rab1 Qd6 19. Nd3 Nd7 20. Rfc1 Rec8 21. Nc5 Nb6 22. axb5 axb5 23. a4 Nd5 24. axb5 g6 25. b6 Ne7 26. Ra1 Kg7 27. Rcb1 Nd5 28. Ra7 Qe7 29. h4 h5 30. Qb3 Nf6 31. Qa4 Nd5 32. Qa5 e5 33. Nxb7 Rxb7 34. dxe5 Rd8 35. Rxb7 Qxb7 36. Qa7 Qb8 37. Bxd5 cxd5 38. Qxb8 Rxb8 39. b7 Kf8 40. Kf1 Ke7 41. Ke2 Ke6 42. f4 f6 43. exf6 Kxf6 44. Kd3 Ke6 45. Kd4 Kd7 46. e4 dxe4 47. Kxe4 Ke6 48. Rb6+ Kf7 49. Ke5 Ke7 50. Kd5 Kf7 51. Kc6 Re8 0-1


[Site "https://www.chess.com"]

[Event "Titled Tuesday Blitz August 1 Early 2023"]
[White "Ziatdinov, Raset"]
[Black "Skiadopoulos, Nikolaos"]
[WhiteFideId "2015323"]
[BlackFideId "4200772"]
[WhiteElo "2293"]
[BlackElo "1847"]
[Result "1-0"]
[Round "7"]
[TimeControl "180+1"]
[Date "2023.08.01"]
[WhiteClock "0:00:27"]
[BlackClock "0:00:00"]
[Board "193"]

1. e4 c5 2. Nf3 Nc6 3. d4 cxd4 4. Nxd4 e5 5. Nb5 d6 6. N1c3 a6 7. Na3 b5 8. Nd5 Nce7 9. c4 Nxd5 10. Qxd5 Be6 11. Qd1 b4 12. Nc2 Nf6 13. Bd3 Rb8 14. b3 Be7 15. O-O O-O 16. Bb2 g6 17. Ne3 Nh5 18. Nd5 Bxd5 19. cxd5 a5 20. g3 Bg5 21. Be2 Nf6 22. f4 Bh6 23. fxe5 Nxe4 24. Qd4 Qb6 25. Qxb6 Rxb6 26. Bd4 Rb7 27. exd6 Nxd6 28. Bc5 Rd8 29. Ba6 Rbd7 30. Bb6 Rb8 31. Bc5 Ne4 32. Bd4 Rxd5 33. Bb2 Be3+ 34. Kh1 Nf2+ 35. Kg2 Ng4 36. Kh3 f5 37. Bc4 Rd8 38. Rad1 1-0


[Site "https://www.chess.com"]

[Event "Titled Tuesday Blitz August 1 Early 2023"]
[White "Khromkin, Andrey"]
[Black "Lakshmi C"]
[WhiteFideId "4154126"]
[BlackFideId "25035347"]
[WhiteElo "2440"]
[BlackElo "2081"]
[Result "1-0"]
[Round "7"]
[TimeControl "180+1"]
[Date "2023.08.01"]
[WhiteClock "0:02:00"]
[BlackClock "0:00:00"]
[Board "194"]

1. d4 Nf6 2. c4 e6 3. Nf3 b6 4. g3 Bb7 5. Bg2 Be7 6. O-O O-O 7. Qc2 Ne4 8. Nfd2 f5 9. Nxe4 fxe4 10. Bxe4 Bxe4 11. Qxe4 c6 12. Nc3 Na6 13. d5 exd5 14. cxd5 Nc5 15. Qc4 Kh8 16. Bf4 b5 17. Qd4 Nb7 18. Rad1 Bf6 19. Qd2 b4 20. Ne4 c5 21. d6 1-0


[Site "https://www.chess.com"]

[Event "Titled Tuesday Blitz August 1 Early 2023"]
[White "rikchessmx"]
[Black "Balla, Tamas-Kristof"]
[BlackFideId "1208497"]
[WhiteElo "2222"]
[BlackElo "2411"]
[Result "0-1"]
[Round "7"]
[TimeControl "180+1"]
[Date "2023.08.01"]
[WhiteClock "0:01:26"]
[BlackClock "0:01:23"]
[Board "195"]

1. e4 c5 2. Nf3 Nc6 3. d4 cxd4 4. Nxd4 e5 5. Nxc6 bxc6 6. Nc3 Nf6 7. Bd3 Bb4 8. O-O Bxc3 9. bxc3 h6 10. c4 O-O 11. f4 d6 12. Qf3 Re8 13. f5 d5 14. cxd5 cxd5 15. Qg3 Kh8 16. exd5 e4 17. Bc4 Bb7 18. Bb5 Qb6+ 19. Kh1 Qxb5 20. Qh4 Qxf1# 0-1


[Site "https://www.chess.com"]

[Event "Titled Tuesday Blitz August 1 Early 2023"]
[White "Ionescu, Mihai"]
[Black "hsd2016"]
[WhiteFideId "1202499"]
[WhiteElo "2391"]
[BlackElo "2218"]
[Result "0-1"]
[Round "7"]
[TimeControl "180+1"]
[Date "2023.08.01"]
[WhiteClock "0:00:00"]
[BlackClock "0:00:28"]
[Board "196"]

1. Nf3 Nf6 2. c4 c6 3. g3 d5 4. d4 Bf5 5. Bg2 Nbd7 6. O-O e6 7. b3 Be7 8. Bb2 O-O 9. Nbd2 h6 10. Re1 a5 11. Ne5 Nxe5 12. dxe5 Nd7 13. e4 dxe4 14. Nxe4 Nc5 15. Nxc5 Bxc5 16. Qe2 Qb6 17. Red1 Rad8 18. Bc3 Bb4 19. Bxb4 Qxb4 20. Rxd8 Rxd8 21. Rd1 Rxd1+ 22. Qxd1 Qc3 23. f4 Qe3+ 24. Kh1 Be4 25. Bxe4 Qxe4+ 26. Kg1 Qe3+ 27. Kg2 Qe4+ 28. Kf1 Qh1+ 29. Ke2 Qxh2+ 30. Ke3 Qxg3+ 31. Ke4 Kh7 32. Qd7 h5 33. Qxb7 Kg6 34. Qc8 Qg2+ 35. Ke3 Qxa2 36. Qxc6 Qxb3+ 37. Kd4 Qb2+ 38. Kd3 Qb1+ 0-1


[Site "https://www.chess.com"]

[Event "Titled Tuesday Blitz August 1 Early 2023"]
[White "alfianasybullina"]
[Black "Akylbek2021"]
[WhiteElo "2213"]
[BlackElo "2334"]
[Result "1-0"]
[Round "7"]
[TimeControl "180+1"]
[Date "2023.08.01"]
[WhiteClock "0:00:48"]
[BlackClock "0:00:02"]
[Board "197"]

1. Nf3 Nf6 2. g3 b5 3. Bg2 Bb7 4. O-O e6 5. d4 Be7 6. a4 b4 7. c4 bxc3 8. Nxc3 O-O 9. b3 d6 10. Bb2 a5 11. Rc1 Na6 12. Nd2 Bxg2 13. Kxg2 c5 14. Nc4 Rc8 15. d5 e5 16. e4 Nb4 17. f4 exf4 18. gxf4 Qd7 19. h3 g6 20. Qf3 Rfe8 21. Nb6 Qb7 22. Nxc8 Rxc8 23. Nb5 Ne8 24. Rcd1 Rd8 25. Rfe1 Bf6 26. Qf2 Kg7 27. Kh2 Qd7 28. Bxf6+ Nxf6 29. Qb2 Qe7 30. e5 dxe5 31. Rxe5 Nfxd5 32. Rxe7+ Kf8 33. Ree1 Kg8 34. Nc7 Rc8 35. Nxd5 Nxd5 36. Rxd5 1-0


[Site "https://www.chess.com"]

[Event "Titled Tuesday Blitz August 1 Early 2023"]
[White "Tagliata"]
[Black "Yonal, Timur"]
[BlackFideId "44115725"]
[WhiteElo "2204"]
[BlackElo "2320"]
[Result "0-1"]
[Round "7"]
[TimeControl "180+1"]
[Date "2023.08.01"]
[WhiteClock "0:00:00"]
[BlackClock "0:00:09"]
[Board "198"]

1. e4 c5 2. Nf3 d6 3. d4 cxd4 4. Nxd4 Nf6 5. Nc3 a6 6. h3 e5 7. Nf3 h5 8. Bc4 Be7 9. Bg5 Nbd7 10. Qe2 b5 11. Bb3 Bb7 12. a3 Nc5 13. Bxf6 Bxf6 14. Bd5 Qb6 15. O-O g6 16. Rad1 O-O-O 17. Bxb7+ Qxb7 18. Nd5 Be7 19. c4 f5 20. exf5 gxf5 21. cxb5 axb5 22. Nxe7+ Qxe7 23. Qxb5 Qb7 24. Qxb7+ Kxb7 25. b4 Ne6 26. a4 Rhg8 27. Kh2 e4 28. Nd4 Nxd4 29. Rxd4 Rg7 30. g3 h4 31. Rg1 Rdg8 32. Rxd6 e3 33. fxe3 hxg3+ 34. Kg2 Re8 35. Kf3 Rge7 36. Re1 f4 37. Kxf4 g2 38. Kf3 Rxe3+ 39. Rxe3 g1=Q 40. Rxe8 Qf1+ 41. Kg4 Qg2+ 42. Kf5 Qxh3+ 43. Kf6 Qh4+ 44. Kf7 Qxb4 45. Rd7+ Kc6 46. Rde7 Qxa4 47. Re6+ Kd7 48. R8e7+ Kd8 49. Rd6+ Kc8 50. Rg6 Qf4+ 51. Kg7 Qd4+ 52. Kf8 Qh8+ 53. Rg8 Qf6+ 54. Rf7 Qe5 0-1


[Site "https://www.chess.com"]

[Event "Titled Tuesday Blitz August 1 Early 2023"]
[White "BeautiFullMindChess"]
[Black "Zaksaite, Salomeja"]
[BlackFideId "12801496"]
[WhiteElo "2164"]
[BlackElo "2299"]
[Result "0-1"]
[Round "7"]
[TimeControl "180+1"]
[Date "2023.08.01"]
[WhiteClock "0:00:00"]
[BlackClock "0:00:02"]
[Board "200"]

1. e4 c5 2. c3 Nf6 3. e5 Nd5 4. d4 cxd4 5. Nf3 e6 6. cxd4 d6 7. exd6 Bxd6 8. Nc3 Nxc3 9. bxc3 Qc7 10. Bb2 O-O 11. Bd3 Nd7 12. O-O Nf6 13. c4 b6 14. d5 e5 15. Re1 Re8 16. Qc2 Bg4 17. Ng5 h6 18. Ne4 Nxe4 19. Bxe4 Rac8 20. Rac1 g6 21. Bxg6 fxg6 22. Qxg6+ Qg7 23. Qxd6 Bf3 24. g3 Rcd8 25. Qa3 Rf8 26. Rxe5 Qg4 27. Re7 Rf7 28. Rxf7 Kxf7 29. Re1 Rd7 30. Qe3 Kg6 31. Qe8+ Kh7 32. Qh8+ Kg6 33. Re6+ Qxe6 0-1


[Site "https://www.chess.com"]

[Event "Titled Tuesday Blitz August 1 Early 2023"]
[White "Vila Dupla, Aurelio"]
[Black "EdmundPlayer"]
[WhiteFideId "2203383"]
[WhiteElo "2134"]
[BlackElo "2264"]
[Result "1-0"]
[Round "7"]
[TimeControl "180+1"]
[Date "2023.08.01"]
[WhiteClock "0:00:24"]
[BlackClock "0:00:00"]
[Board "201"]

1. Nf3 d5 2. d4 Nf6 3. c4 dxc4 4. e3 Bg4 5. Bxc4 e6 6. Qb3 c5 7. Ne5 Qb6 8. Bb5+ Ke7 9. Nxg4 Nxg4 10. dxc5 Qxc5 11. O-O Qe5 12. f4 Qc5 13. h3 Nf6 14. Bd2 Nc6 15. Rc1 Qb6 16. Nc3 a6 17. Bxc6 Qxb3 18. axb3 bxc6 19. Na4 Ne4 20. Bb4+ Kf6 21. Bxf8 Rhxf8 22. Rxc6 Rfd8 23. Nc3 Ng3 24. Raxa6 Rxa6 25. Rxa6 Rd2 26. Ra2 h5 27. b4 h4 28. b5 Rc2 29. Ra1 Rxb2 30. Rb1 Ne2+ 31. Kf2 Rxb1 32. Nxb1 Ng3 33. b6 Ne4+ 34. Kf3 Nc5 35. Kg4 g5 36. fxg5+ Ke5 37. Nd2 1-0


[Site "https://www.chess.com"]

[Event "Titled Tuesday Blitz August 1 Early 2023"]
[White "Warchol, Kamil"]
[Black "Johnson, Ben"]
[WhiteFideId "21858241"]
[BlackFideId "2010917"]
[WhiteElo "2261"]
[BlackElo "2131"]
[Result "1-0"]
[Round "7"]
[TimeControl "180+1"]
[Date "2023.08.01"]
[WhiteClock "0:00:30"]
[BlackClock "0:00:04"]
[Board "202"]

1. e4 c5 2. Nf3 g6 3. c3 d5 4. e5 Bg4 5. d4 cxd4 6. cxd4 Nc6 7. Bb5 Rc8 8. O-O Qb6 9. Bxc6+ Rxc6 10. Nbd2 Bf5 11. Qe2 Bg7 12. Nb3 h5 13. Bd2 Nh6 14. Rfc1 O-O 15. Ba5 Qa6 16. Qxa6 Rxa6 17. Rc7 b6 18. Bb4 Ra4 19. Bxe7 Re8 20. Bd6 Be4 21. Nfd2 Bd3 22. a3 Nf5 23. Rac1 a5 24. Nf3 Be4 25. Rc8 Rxc8 26. Rxc8+ Kh7 27. Ng5+ Kh6 28. Nxf7+ Kh7 29. e6 Rc4 30. Rxc4 dxc4 31. e7 Nxe7 32. Bxe7 cxb3 33. Ng5+ Kh6 34. Nxe4 Bxd4 35. Bf6 Bxf6 36. Nxf6 Kg5 37. Nd5 1-0


[Site "https://www.chess.com"]

[Event "Titled Tuesday Blitz August 1 Early 2023"]
[White "Larina, Maria"]
[Black "Zaichenko, Daria"]
[WhiteFideId "24113182"]
[BlackFideId "4197453"]
[WhiteElo "2123"]
[BlackElo "2257"]
[Result "0-1"]
[Round "7"]
[TimeControl "180+1"]
[Date "2023.08.01"]
[WhiteClock "0:00:50"]
[BlackClock "0:00:15"]
[Board "203"]

1. e4 e5 2. Nf3 Nc6 3. Nc3 Nf6 4. Bb5 Bc5 5. O-O d6 6. d4 exd4 7. Nxd4 Bd7 8. Nf5 Bxf5 9. exf5 O-O 10. Bg5 h6 11. Bh4 d5 12. Bxf6 Qxf6 13. Qxd5 Bd4 14. Ne4 Qe5 15. Bxc6 bxc6 16. Qxe5 Bxe5 17. c3 Rab8 18. f4 Bd6 19. b3 Rfe8 20. Rfe1 Bxf4 21. g3 Be5 22. Rac1 Rb5 23. c4 Ra5 24. a4 Kf8 25. Kf2 Bd4+ 26. Kg2 Rae5 27. Kf3 Rxf5+ 28. Kg4 Rfe5 29. Kf3 f5 30. Rcd1 Rxe4 31. Rf1 c5 32. b4 Re3+ 33. Kg2 Re2+ 34. Kh3 R8e5 35. bxc5 Bxc5 36. Rd8+ Kf7 37. Rd7+ Re7 38. Rxf5+ Ke8 39. Rxe7+ Bxe7 40. Ra5 Ra2 41. Rxa7 Kd7 42. Ra5 Bb4 43. Rd5+ Kc6 44. Rd8 Rxa4 45. Rg8 Bc3 46. Rf8 Bf6 47. Re8 Rxc4 48. g4 Rc3+ 49. Kg2 Kb5 50. h4 Bxh4 51. Re4 Bf6 52. Re6 c5 53. Re8 Rd3 54. Rb8+ Kc4 55. Kf2 Kc3 56. Ke2 Rd2+ 57. Ke1 Bg5 58. Ra8 c4 59. Ra3+ Kb2 60. Ra5 c3 61. Rc5 c2 62. Rb5+ Kc3 63. Rc5+ Kd3 64. Rd5+ Kc3 65. Rc5+ Kb4 66. Rc7 Rh2 67. Rb7+ Kc5 68. Rc7+ Kd6 69. Rc3 c1=Q+ 70. Rxc1 Bxc1 71. Kf1 Bf4 72. Kg1 Ke5 73. g5 hxg5 74. Kf1 g4 75. Kg1 Ke4 76. Kf1 Kf3 77. Ke1 Rh1# 0-1


[Site "https://www.chess.com"]

[Event "Titled Tuesday Blitz August 1 Early 2023"]
[White "Thiel, Thomas"]
[Black "Goughfather"]
[WhiteFideId "4615964"]
[WhiteElo "2250"]
[BlackElo "2098"]
[Result "1-0"]
[Round "7"]
[TimeControl "180+1"]
[Date "2023.08.01"]
[WhiteClock "0:00:28"]
[BlackClock "0:00:00"]
[Board "204"]

1. e4 c6 2. d4 d5 3. exd5 cxd5 4. c4 Nf6 5. Nc3 Nc6 6. Bg5 dxc4 7. Bxc4 h6 8. Qb3 e6 9. Bxf6 Qxf6 10. Nf3 Bd7 11. O-O Na5 12. Qc2 Nxc4 13. d5 Ne5 14. Nd4 a6 15. dxe6 fxe6 16. Rae1 Bd6 17. Ne4 Qe7 18. f4 Rc8 19. Nxd6+ Qxd6 20. Qd1 Nf7 21. f5 e5 22. Ne6 Bxe6 23. fxe6 Qxe6 24. Qa4+ b5 25. Qa3 Qe7 26. Qxa6 O-O 27. h3 Qc5+ 28. Kh1 Rc6 29. Qa5 Rg6 30. Qd2 Qd4 31. Qe2 Qc4 32. Qh5 Rg5 33. Qf3 Qxa2 34. Rf2 1-0


[Site "https://www.chess.com"]